 Dungeon Crawl Stone Soup version 0.28.0-43-g3370ac3207 (webtiles) character file.

Game seed: 15743433491273766918

102205 Jerry the Brawler (level 15, -12/147 (150) HPs)
             Began as a Troll Hunter on Mar 8, 2022.
             Was a High Priest of Jiyva.
             Mangled by a wolf spider (16 damage)
             ... on level 1 of the Spider Nest on Mar 9, 2022.
             The game lasted 01:56:39 (21084 turns).

Jerry the Brawler (Troll Hunter)                   Turns: 21084, Time: 01:56:39

HP:   -12/147 (150) AC: -3    Str: 26    XL:     15   Next: 85%
MP:   14/14         EV: 12    Int:  9    God:    Jiyva [*****.]
Gold: 1742          SH:  5    Dex: 12    Spells: 14/14 levels left

rFire   . . .      SeeInvis .     - Unarmed
rCold   . . .      Faith    .   (no shield)
rNeg    . . .      Spirit   .   s - +0 troll leather armour
rPois   +          Reflect  +   q - +2 hat
rElec   .          Harm     .   G - +1 cloak {rPois}
rCorr   +          Rampage  .   (gloves unavailable)
Will    +....                   (boots unavailable)
Stlth   ++++......              C - amulet of reflection
HPRegen 3.38/turn               I - ring "Viwkood" {rCorr Stlth+}
MPRegen 0.59/turn               K - +4 ring of protection

@: corroded, lightly drained
A: large, unfitting armour, claws 3, regeneration 1, shaggy fur 1, tough skin 1,
robust 1, translucent skin 3
a: Renounce Religion, Oozemancy, Slimify


You were on level 1 of the Spider Nest.
You worshipped Jiyva.
Jiyva was extremely pleased with you.
You visited 5 branches of the dungeon, and saw 25 of its levels.
You also visited: Sewer and Volcano.

You collected 1944 gold pieces.
You spent 202 gold pieces at shops.

Inventory:

Hand Weapons
 F - a +4 whip of venom
Missiles
 c - 26 large rocks (quivered)
 d - 7 throwing nets
Armour
 p - +0 steam dragon scales
 q - a +2 hat (worn)
 s - a +0 troll leather armour (worn)
 G - a +1 cloak of poison resistance (worn)
 N - a +1 cloak of fire resistance
 S - +0 steam dragon scales
 X - a +0 kite shield
Jewellery
 i - a ring of protection from fire
 C - an amulet of reflection (around neck)
 I - the ring "Viwkood" (left claw) {rCorr Stlth+}
   (You found it on level 1 of the Lair of Beasts)

   [ring of resist corrosion]

   rCorr:     It protects you from acid and corrosion.
   Stlth:     It makes you more stealthy.
 K - a +4 ring of protection (right claw)
Wands
 h - a wand of flame (22)
 x - a wand of mindburst (28)
 z - a wand of acid (5)
 B - a wand of digging (11)
 E - a wand of charming (7)
 J - a wand of iceblast (12)
 P - a wand of polymorph (4)
 U - a wand of paralysis (10)
Scrolls
 f - 5 scrolls of amnesia
 j - 6 scrolls of teleportation
 k - 6 scrolls of identify
 o - 3 scrolls of fog
 v - 5 scrolls of enchant armour
 w - 3 scrolls of enchant weapon
 y - 2 scrolls of fear
 A - 2 scrolls of brand weapon
 H - 2 scrolls of vulnerability
 L - 2 scrolls of holy word
 M - 3 scrolls of blinking {unknown}
 Q - 3 scrolls of summoning
 R - 4 scrolls of magic mapping {unknown}
Potions
 a - 4 potions of heal wounds
 b - a potion of berserk rage
 e - 3 potions of lignification
 g - 2 potions of flight
 l - 8 potions of haste
 m - 3 potions of magic
 n - 3 potions of brilliance
 r - 5 potions of attraction
 t - a potion of might
 u - 3 potions of cancellation
 D - 2 potions of curing
 O - 2 potions of experience
 T - 2 potions of mutation {unknown}
 V - a potion of resistance {unknown}
Miscellaneous
 W - a condenser vane


   Skills:
 + Level 6.3 Fighting
 - Level 13.1 Throwing
 - Level 10.1 Armour
 + Level 8.1 Dodging
 - Level 4.4 Stealth
 * Level 0.4 Shields
 + Level 18.0 Unarmed Combat


You had 14 spell levels left.
You didn't know any spells.
Your spell library contained the following spells:

 Spells                   Type           Power      Damage    Failure   Level
 Animate Skeleton         Necr           0%         N/A       41%         1
 Apportation              Tloc           0%         N/A       41%         1
 Magic Dart               Conj           0%         1d3       41%         1
 Shock                    Conj/Air       0%         1d3       41%         1
 Sting                    Tmut/Pois      0%         1d3       41%         1
 Summon Small Mammal      Summ           0%         N/A       41%         1
 Poisonous Vapours        Pois/Air       0%         N/A       56%         2
 Call Canine Familiar     Summ           0%         N/A       80%         3
 Conjure Flame            Conj/Fire      0%         6-21      80%         3
 Dazzling Flash           Conj/Hex       0%         N/A       80%         3
 Ignite Poison            Fire/Tmut/Pois 0%         N/A       80%         3
 Inner Flame              Hex/Fire       0%         N/A       80%         3
 Mephitic Cloud           Conj/Pois/Air  0%         N/A       80%         3
 Spider Form              Tmut/Pois      0%         N/A       80%         3
 Cause Fear               Hex            0%         N/A       99%         4
 Iskenderun's Mystic Bla  Conj/Tloc      0%         2d3       99%         4
 Leda's Liquefaction      Hex/Erth       0%         N/A       99%         4
 Olgreb's Toxic Radiance  Pois           0%         N/A       99%         4
 Sticky Flame             Conj/Fire      0%         2d3       99%         4
 Summon Ice Beast         Ice/Summ       0%         N/A       99%         4
 Freezing Cloud           Conj/Ice/Air   0%         6-21      100%        5
 Lee's Rapid Deconstruct  Erth           0%         3d5*      100%        5
 Summon Forest            Summ/Tloc      0%         N/A       100%        5
 Summon Mana Viper        Hex/Summ       0%         N/A       100%        5
 Starburst                Conj/Fire      0%         6d3       100%        6
 Statue Form              Tmut/Erth      0%         N/A       100%        6
 Summon Cactus Giant      Summ           0%         N/A       100%        6
 Malign Gateway           Summ/Tloc      0%         N/A       100%        7
 Monstrous Menagerie      Summ           0%         N/A       100%        7
 Summon Hydra             Summ           0%         N/A       100%        7
 Discord                  Hex            0%         N/A       100%        8


Dungeon Overview and Level Annotations

Branches:
Dungeon (15/15)            Temple (1/1) D:4            Lair (6/6) D:11
 Shoals (0/4) Lair:3       Spider (1/4) Lair:3        Slime (0/5) Lair:6
    Orc (2/2) D:10            Elf (0/3) Orc:2        Vaults (0/5) D:14
  Sewer (visited)         Volcano (visited)
 Depths: D:15

Altars:
Ashenzari
Cheibriados
Dithmenos
Elyvilon
Fedhas
Gozag
Hepliaklqana
Kikubaaqudgha
Makhleb
Nemelex Xobeh
Okawaru
Qazlal
Ru
Sif Muna
Trog
Uskayaw
Vehumet
Wu Jian
Xom
Yredelemnul
Zin
The Shining One
Beogh
Jiyva
Lugonu

Shops:
D:10 *   Orc:2 =(*=

Portals:
Abyss: D:3


Innate Abilities, Weirdness & Mutations

You are too large for most types of armour.
You have claws for hands.
Your natural rate of healing is unusually fast.
You are covered in fur. (AC +1)
You have tough skin. (AC +1)
You are robust. (+10% HP)
Your transparent skin significantly reduces your foes' accuracy. (Stealth+)


Message History

The entropy weaver points at you and mumbles some strange words.
The entropic weave corrodes you! You block the redback's attack.
You block the wolf spider's attack. The wolf spider bites you!
The redback closely misses you. The wolf spider misses you.
The wolf spider bites you.
The entropy weaver points at you and mumbles some strange words.
The entropic weave corrodes you!
Jiyva says: Divide and consume!
The entropy weaver points at you and mumbles some strange words.
The entropic weave corrodes you!
There is an escape hatch in the floor here.
The wolf spider barely misses you. The wolf spider bites you.
A jumping spider comes into view.
The jumping spider hisses angrily.
The jumping spider leaps!
The jumping spider pounces on you! The jumping spider bites you.
The jumping spider pounces on you!
* * * LOW HITPOINT WARNING * * *
The jumping spider bites you.
* * * LOW HITPOINT WARNING * * *
The jumping spider pounces on you.
* * * LOW HITPOINT WARNING * * *
You are caught in a web!
The jumping spider bites you.
* * * LOW HITPOINT WARNING * * *
The wolf spider hits you.
* * * LOW HITPOINT WARNING * * *
The wolf spider barely misses you.
There is a web, spattered with blood here.
You struggle to detach yourself from the web.
The culicivora is no longer covered in acid.
The jumping spider pounces on you!
* * * LOW HITPOINT WARNING * * *
The jumping spider barely misses you. The wolf spider barely misses you. x2
The redback bites you!
* * * LOW HITPOINT WARNING * * *
The web tears apart.
The jumping spider pounces on you.
* * * LOW HITPOINT WARNING * * *
You block the jumping spider's attack. The wolf spider hits you!
You die...

####...##^.#
#^....^.#.###
##.....#....
###>..#..^.. ###
#....#.#...
#.#####B.#...#.
##.#.####s.#.^..
#.#...#.ss###.#.
#####..^s@.##...
###...#.#...
##...#.....
#>..........
###....##...# #.#.##
...# ### ##.#..##...#
######.#####.#.......
##.^.............##...


You could see an entropy weaver, a wolf spider, a culicivora, a jumping spider
and a redback.

Vanquished Creatures
  Jorgrun (Orc:1)
  Donald (Spider:1)
  An orc warlord (Orc:1)
  An emperor scorpion (Spider:1)
  An entropy weaver (Spider:1)
  Josephine (D:13)
  6 hydras
  An ogre mage (Volcano)
  3 boulder beetles
  A catoblepas (Lair:5)
  A jorogumo (Spider:1)
  A merfolk avatar (Lair:6)
  7 two-headed ogres
  A centaur warrior (D:13)
  13 death yaks
  A hell knight (Volcano)
  An orc high priest (Orc:2)
  Urug (Lair:2)
  Sonja (Orc:1)
  The ghost of Ablot the Magician, a novice GnWr of Okawaru (D:7)
  An iron troll (D:14)
  A sea snake (Lair:6)
  A steelbarb worm (Spider:1)
  A harpy (Lair:6)
  2 lindwurms
  A deep elf pyromancer (D:15)
  6 orc sorcerers (Orc:2)
  A wolf spider (shapeshifter) (Orc:2)
  7 ugly things
  5 manticores
  5 cyclopes
  5 black mambas
  17 elephants
  2 torpor snails (Lair:6)
  Maggie (D:9)
  2 gargoyles
  18 cane toads
  A molten gargoyle (Volcano)
  2 unseen horrors
  A demonic crawler (Spider:1)
  4 rime drakes
  An efreet (D:14)
  12 komodo dragons
  A tengu conjurer (D:14)
  3 polar bears
  8 trolls
  2 hornets (Lair:6)
  A tarantella (Spider:1)
  Grinder (D:6)
  25 blink frogs
  6 slime creatures
  6 dream sheep (Lair:6)
  2 snapping turtles
  7 jumping spiders
  3 culicivoras (Spider:1)
  A shadow (D:12)
  3 vampires
  7 wraiths
  6 wyverns
  4 basilisks
  75 yaks
  8 redbacks
  12 vampire mosquitoes
  5 fire bats (Volcano)
  A steam dragon (Lair:6)
  Edmund (D:5)
  2 acid dragons
  11 water moccasins
  28 orc warriors
  A meliai simulacrum (D:14)
  A sky beast (D:7)
  A black bear (shapeshifter) (D:14)
  4 black bears
  3 necrophages
  20 wolves
  7 ogres
  7 centaurs
  3 phantoms
  3 kobold brigands
  14 bullfrogs
  5 scorpions
  5 killer bees (D:9)
  3 wights (D:6)
  2 electric eels (Lair:4)
  5 howler monkeys
  A crimson imp (D:11)
  6 centaur zombies
  8 lava snakes (Volcano)
  2 hounds (D:6)
  2 jellies (D:7)
  23 orc priests
  A gnoll shaman (D:3)
  A bullfrog skeleton (D:5)
  A centaur skeleton (D:7)
  4 iguanas
  43 orc wizards
  A hell rat (Sewer)
  A killer bee zombie (D:8)
  A centaur simulacrum (D:10)
  9 gnolls
  2 adders (D:3)
  A river rat (Sewer)
  A shadow imp (D:8)
  4 white imps
  3 ufetubi
  3 worms
  76 orcs
  3 bats
  6 endoplasms
  3 giant cockroaches
  6 goblins
  3 hobgoblins
  5 jackals
  6 ball pythons
  6 frilled lizards
  33 kobolds
  A quokka skeleton (D:4)
  6 rats
727 creatures vanquished.

Vanquished Creatures (others)
  A basilisk (Lair:2)
  A redback (Spider:1)
  3 wolves
  A bullfrog (Lair:2)
  33 jellies
  An orc priest (Orc:1)
  2 orc wizards (Orc:2)
  5 orcs (Orc:1)
  2 bushes
  63 fungi
  121 plants
233 creatures vanquished.

Grand Total: 960 creatures vanquished

Notes
Turn   | Place    | Note
-------+----------+-------------------------------------------
     0 | D:1      | Jerry the Troll Hunter began the quest for the Orb.
     0 | D:1      | Reached XP level 1. HP: 19/19 MP: 0/0
    91 | D:1      | Reached XP level 2. HP: 27/27 MP: 1/1
    94 | D:1      | Reached skill level 1 in Unarmed Combat
   252 | D:1      | Found a faded altar of an unknown god.
   275 | D:1      | Prayed at the altar of an unknown god.
   275 | D:1      | Became a worshipper of the Shining One
   275 | D:1      | Reached * piety under the Shining One
   533 | D:2      | Reached XP level 3. HP: 33/33 MP: 2/2
   683 | D:2      | Found a sparkling altar of Nemelex Xobeh.
  1221 | D:3      | Found a glowing drain.
  1226 | D:3      | Reached skill level 2 in Unarmed Combat
  1237 | Sewer    | Entered a sewer
  1264 | Sewer    | Reached skill level 1 in Stealth
  1315 | Sewer    | Reached XP level 4. HP: 41/41 MP: 3/3
  1467 | D:3      | Reached ** piety under the Shining One
  1513 | D:3      | Found a large runed translucent door.
  1514 | D:3      | Found a large runed translucent door.
  1514 | D:3      | Found a corrupted altar of Lugonu.
  1565 | D:3      | Found a one-way gate to the infinite horrors of the Abyss.
  1623 | D:3      | Reached XP level 5. HP: 48/48 MP: 4/4
  1772 | D:3      | Got the Tome of Spatial Envenoming
  1910 | D:3      | Reached skill level 3 in Unarmed Combat
  2091 | D:4      | Found a bloodstained altar of Trog.
  2091 | D:4      | Noticed an orc warrior
  2099 | D:4      | Killed an orc warrior
  2100 | D:4      | Reached XP level 6. HP: 11/55 MP: 5/5
  2169 | D:4      | Found a shimmering blue altar of Sif Muna.
  2173 | D:4      | Got Sif Muna's Reference Book on Confrontation
  2185 | D:4      | Reached skill level 4 in Unarmed Combat
  2349 | D:4      | Found a staircase to the Ecumenical Temple.
  2357 | Temple   | Entered the Ecumenical Temple
  2595 | D:4      | Reached XP level 7. HP: 62/62 MP: 6/6
  2872 | D:4      | Reached skill level 5 in Throwing
  2872 | D:4      | Reached skill level 5 in Unarmed Combat
  3311 | D:5      | Entered Level 5 of the Dungeon
  3321 | D:5      | Noticed a yak
  3324 | D:5      | Noticed a yak
  3324 | D:5      | Noticed a yak
  3325 | D:5      | Noticed a yak
  3331 | D:5      | Noticed a yak
  3413 | D:5      | Reached XP level 8. HP: 68/70 MP: 7/7
  3416 | D:5      | Reached *** piety under the Shining One
  3429 | D:5      | Reached skill level 6 in Unarmed Combat
  3593 | D:5      | Noticed Edmund
  3819 | D:5      | Identified the +1 chain mail "Jasut" {*Corrode +Inv Int+8
                  | Dex-5}
  3906 | D:4      | Reached skill level 7 in Unarmed Combat
  3914 | D:5      | Reached XP level 9. HP: 49/76 MP: 8/8
  4011 | D:5      | Killed Edmund
  4597 | D:6      | Reached skill level 8 in Unarmed Combat
  4677 | D:6      | Reached skill level 5 in Dodging
  4743 | D:6      | Noticed Grinder
  4747 | D:6      | Killed Grinder
  4811 | D:6      | Found a hazy altar of Hepliaklqana.
  4812 | D:6      | Found a shimmering altar of Xom.
  4813 | D:6      | Noticed a spectral ugly thing
  5353 | D:6      | Found a glowing silver altar of Zin.
  5353 | D:6      | Found a glowing golden altar of the Shining One.
  5507 | D:6      | Identified the +3 rapier "Qodeditz" {vorpal, Fragile rC++
                  | rN+ Int+2}
  5659 | D:7      | Noticed Ablot's ghost (novice GnWr)
  5821 | D:7      | Found a runed translucent gate.
  5821 | D:7      | Found a runed translucent gate.
  5838 | D:7      | Found a runed translucent gate.
  5883 | D:7      | Reached **** piety under the Shining One
  5968 | D:7      | Reached skill level 9 in Unarmed Combat
  6029 | D:7      | Reached XP level 10. HP: 85/85 MP: 9/9
  6627 | D:8      | Identified the +6 ring mail of Fun {rPois rF++ rN++ Str-5}
  7078 | D:8      | Got the Guide on the Entourage
  7296 | D:9      | Found a snail-covered altar of Cheibriados.
  7483 | D:9      | Noticed Maggie
  7490 | D:9      | Killed Maggie
  7491 | D:9      | Reached skill level 10 in Unarmed Combat
  7948 | D:9      | Reached skill level 1 in Armour
  8290 | D:10     | Entered Level 10 of the Dungeon
  8304 | D:10     | Found an ornate altar of the Wu Jian Council.
  8327 | D:10     | Found a sparkling altar of Nemelex Xobeh.
  8352 | D:10     | Noticed a boulder beetle
  8352 | D:10     | Reached ***** piety under the Shining One
  8362 | D:10     | Killed a boulder beetle
  8464 | D:10     | Noticed a death yak
  8476 | D:10     | Reached XP level 11. HP: 51/92 MP: 10/10
  8553 | D:8      | Killed a death yak
  8554 | D:8      | Reached skill level 11 in Unarmed Combat
  8802 | D:10     | Found Yleameh's General Store.
  8811 | D:10     | Bought a +1 cloak of poison resistance for 202 gold pieces
  9272 | D:10     | Found a staircase to the Orcish Mines.
  9669 | D:11     | You fall into a shaft and drop 1 floor!
  9686 | D:12     | Noticed a two-headed ogre
  9701 | D:12     | Killed a two-headed ogre
  9710 | D:12     | Reached skill level 12 in Unarmed Combat
 10272 | D:11     | Found a staircase to the Lair.
 10383 | Lair:1   | Entered Level 1 of the Lair of Beasts
 10434 | Lair:1   | Reached XP level 12. HP: 90/100 MP: 11/11
 10439 | Lair:1   | Reached skill level 13 in Unarmed Combat
 10505 | Lair:1   | Reached skill level 5 in Armour
 10649 | Lair:1   | Identified the ring "Viwkood" {rCorr Stlth+}
 11035 | Lair:2   | Noticed Urug
 11120 | Lair:2   | Killed Urug
 11339 | Lair:3   | Found a hole to the Spider Nest.
 11378 | Lair:3   | Reached skill level 10 in Throwing
 11398 | Lair:3   | Reached skill level 14 in Unarmed Combat
 11670 | Lair:3   | Found a staircase to the Shoals.
 11807 | Lair:3   | Noticed an eight-headed hydra
 11814 | Lair:3   | Killed an 11-headed hydra
 11817 | Lair:3   | Reached XP level 13. HP: 31/106 MP: 12/12
 11870 | Lair:3   | Found a dark tunnel.
 11889 | Volcano  | Entered a volcano
 11985 | Volcano  | Found a burning altar of Makhleb.
 11990 | Volcano  | Reached skill level 15 in Unarmed Combat
 12430 | Lair:3   | Reached ****** piety under the Shining One
 12816 | Lair:5   | Reached skill level 16 in Unarmed Combat
 12934 | Lair:5   | Found the +3 salamander hide armour {Flames rF++ rC--}
 13387 | Lair:6   | Entered Level 6 of the Lair of Beasts
 13677 | Lair:6   | Reached XP level 14. HP: 117/117 MP: 13/13
 13804 | Lair:6   | Found a staircase to the Slime Pits.
 13804 | Lair:6   | Found a viscous altar of Jiyva.
 14095 | D:7      | Killed Ablot's ghost
 14780 | D:13     | Noticed Josephine
 14787 | D:13     | Killed Josephine
 15016 | D:13     | Reached skill level 17 in Unarmed Combat
 15639 | Lair:6   | Fell from the grace of the Shining One
 15639 | Lair:6   | Became a worshipper of Jiyva Joicu the Shapeless
 16041 | Lair:6   | Reached * piety under Jiyva
 16502 | Lair:5   | Reached XP level 15. HP: 110/131 MP: 14/14
 16574 | Lair:4   | You fall into a shaft and drop 2 floors!
 16733 | Lair:4   | Reached skill level 5 in Fighting
 17046 | Lair:4   | Reached ** piety under Jiyva
 17073 | Lair:4   | Identified the +2 short sword of Forced Transition
                  | {protect, Int+2}
 18288 | D:14     | Reached *** piety under Jiyva
 18344 | D:14     | Gained mutation: Your translucent skin slightly reduces
                  | your foes' accuracy. (Stealth+) [Jiyva's grace]
 18344 | D:14     | Gained mutation: Your translucent skin reduces your foes'
                  | accuracy. (Stealth+) [Jiyva's grace]
 18344 | D:14     | Gained mutation: Your transparent skin significantly
                  | reduces your foes' accuracy. (Stealth+) [Jiyva's grace]
 18344 | D:14     | Gained mutation: You are robust. (+10% HP) [Jiyva's grace]
 18678 | D:14     | Found a gate to the Vaults.
 18888 | D:15     | Entered Level 15 of the Dungeon
 19001 | Orc:1    | Entered Level 1 of the Orcish Mines
 19045 | Orc:1    | Noticed Jorgrun
 19098 | Orc:1    | Killed Jorgrun
 19134 | Orc:1    | Noticed Sonja
 19140 | Orc:1    | Killed Sonja
 19157 | Orc:1    | Reached **** piety under Jiyva
 19384 | Orc:2    | Entered Level 2 of the Orcish Mines
 19444 | Orc:2    | Noticed an orc warlord
 19521 | Orc:1    | Killed an orc warlord
 19945 | Orc:2    | Found Loyps's Jewellery Emporium.
 19945 | Orc:2    | Found Baopt's Jewellery Shoppe.
 19945 | Orc:2    | Found Feyhun's General Store.
 19964 | Orc:2    | Found Zoibb's Weapon Emporium.
 20219 | Orc:2    | Reached ***** piety under Jiyva
 20354 | Orc:2    | Found a staircase to the Elven Halls.
 20607 | Spider:1 | Entered Level 1 of the Spider Nest
 20682 | Spider:1 | Noticed an emperor scorpion
 20693 | Spider:1 | Killed an emperor scorpion
 20694 | Spider:1 | Reached skill level 10 in Armour
 20694 | Spider:1 | Reached skill level 18 in Unarmed Combat
 20906 | Spider:1 | Noticed Donald
 20923 | Spider:1 | Killed Donald
 21083 | Spider:1 | HP: 3/147 [redback (14)]
 21084 | Spider:1 | Mangled by a wolf spider

Illustrated notes

Levels and vault maps discovered:
D:1:      dpeg_arrival_simpleton_c, layout_rooms, serial_curves, eino_curves_01,
          eino_curves_01, chequers_ecumenical_altar_island, st_stairs_5,
          hangedman_abyss_or_decor_lesser_grid, feat_on_display
D:2:      layout_basic, basic_altar
D:3:      due_chaos_kobolds, layout_basic, cheibrodos_sewer_entry_sluice
D:4:      layout_basic, nzn_overflow_gifts_of_might_and_magic,
          minmay_temple_entry_gardened_gates
D:5:      layout_basic, grunt_ministairs_5, serial_bayou_pond_d,
          minmay_statues_item, uniq_edmund
D:6:      layout_loops_corners, regret_index_temple_of_mockery,
          gammafunk_temple_overflow_statue, kennysheep_crisscross,
          amcnicky_mini_pool_small, uniq_grinder
D:7:      layout_loops_ring, serial_glass, glass_columns_a, glass_columns_c,
          glass_columns_b, glass_columns_c, due_unseen_surprise,
          item_on_display_b, gammafunk_ghost_split,
          hangedman_abyss_or_decor_stabs
D:8:      layout_loops_ring, minmay_misc_feat_iff
D:9:      layout_stronghold, lemuel_doored_altar, uniq_maggie
D:10:     argonaut_augean_stables, layout_loops_ring,
          mainiacjoe_overflow_large_starburst, orc_0_dummy, serial_shops,
          nicolae_stop_n_shop_2, serial_ice, serial_ice_e, serial_ice_g,
          serial_ice_c, serial_ice_n
D:11:     layout_basic, grunt_lair_entry_orc_guard_hut, minmay_fire_ice_demons
D:12:     layout_cross, grunt_decor_fettered
D:13:     layout_irregular_city, uniq_josephine
D:14:     layout_long_grid, david_vaults_4
D:15:     grunt_enter_depths_snipers, layout_loops_ring, minmay_misc_feat_five,
          uniq_kirke, uniq_agnes, uniq_nessos, uniq_rupert
Temple:   oiseaux_autumnal_temple
Lair:1:   layout_roguey, chequers_serial_rivers_large_a,
          nicolae_lair_grazing_beasts [nicolae_sub_lair_graze_edge,
          nicolae_sub_lair_graze_edge, nicolae_sub_lair_graze_edge,
          nicolae_sub_lair_graze_edge]
Lair:2:   layout_misc_corridors, bh_autumn_forest_stairs, grunt_megastairs_3,
          uniq_urug
Lair:3:   layout_chaotic_city, minmay_shoals_entry_hut, spider_nest_entry_a,
          enter_volcano_1
Lair:4:   layout_cave_pods, minivault_11, hibernation_bobbens,
          grunt_megastairs_2, serial_bayou_shore_a, infiniplex_staircase_pool,
          serial_bayou_shore_b
Lair:5:   layout_regular_city, grunt_forest_small_clearings, lemuel_fruit_fields
Lair:6:   gammafunk_lair_ancient_temple, layout_regular_city, slime_altar_1,
          grunt_megastairs_4
Spider:1: layout_spider_delve, nicolae_spider_webs_and_nodes, uniq_donald
Orc:1:    layout_diamond_mine, basic_altar, uniq_sonja, uniq_jorgrun
Orc:2:    st_orc_mages, layout_caves, special_room

Skill      XL: |  1  2  3  4  5  6  7  8  9 10 11 12 13 14 15 |
---------------+----------------------------------------------+-----
Unarmed Combat | 1 2 3 4 5 7 9 10 12 14 16 17 18 | 18.0
Dodging        | 2 3 4 5 6 8 |  8.1
Stealth        | 1 2 3 4 |  4.4
Throwing       | 4 5 6 7 8 9 10 11 12 13 | 13.1
Armour         | 2 4 6 8 9 10 | 10.1
Fighting       | 2 4 6 |  6.3
Shields        | |  0.4

Action                   |  1- 3 |  4- 6 |  7- 9 | 10-12 | 13-15 || total
-------------------------+-------+-------+-------+-------+-------++-------
Melee: Unarmed           |   115 |   106 |   262 |   594 |  1274 ||  2351
       Punch             |       |     2 |     7 |    50 |   172 ||   231
Throw: Large rock        |       |     4 |     6 |    12 |    36 ||    58
Evoke: Wand              |       |       |       |     2 |     3 ||     5
       Condenser vane    |       |       |       |       |     1 ||     1
  Use: Scroll            |       |     8 |     1 |    16 |     2 ||    27
       Potion            |       |       |       |     2 |     3 ||     5
 Stab: Sleeping          |     1 |       |       |       |     6 ||     7
       Distracted        |       |       |       |       |     1 ||     1
       Confused          |       |       |       |       |     1 ||     1
Armor: Robe              |    29 |    27 |    67 |    20 |       ||   143
       Steam dragon scal |       |       |       |    24 |       ||    24
       Troll leather arm |       |       |       |   155 |   477 ||   632
Dodge: Dodged            |    52 |    72 |   128 |   228 |   614 ||  1094
Block: Other             |       |       |       |   102 |   246 ||   348
       Reflection        |       |       |       |     3 |     6 ||     9
